 Dungeon Crawl Stone Soup version 0.17-a0-1093-g0b3cd89 (webtiles) character file.

282 HEYYEYAAE the Shield-Bearer (level 6, -4/44 HPs)
             Began as an Octopode Fighter on May 20, 2015.
             Slain by HEYYEYAAE's ghost (11 damage)
             ... on level 5 of the Dungeon.
             The game lasted 00:06:15 (1824 turns).

HEYYEYAAE the Shield-Bearer (Octopode Fighter)      Turns: 1824, Time: 00:06:16

Health: -4/44      AC:  1    Str: 16    XL:     6   Next: 28%
Magic:  6/6        EV: 12    Int: 10    God:
Gold:   122        SH:  9    Dex: 13    Spells: 1 memorised, 1 level left

rFire  . . .     SeeInvis .     a - +0 war axe
rCold  . . .     Clarity  .     b - +0 shield
rNeg   + . .     SustAb   .     (helmet restricted)
rPois  .         Gourm    .     g - amulet of warding
rElec  .         Spirit   .     (no ring)
rCorr  .         Warding  +     (no ring)
rMut   .         Stasis   .     (no ring)
MR     .....                    (no ring)
Stlth  ++........               (no ring)
                                (no ring)
                                (no ring)
                                (no ring)

@: very slightly contaminated, not resistant to hostile enchantments, unstealthy
A: almost no armour, amphibious, 8 rings, constrict 8, camouflage 1, gelatinous
body 1
a: no special abilities


You were on level 5 of the Dungeon.
You were not hungry.

You visited 1 branch of the dungeon, and saw 5 of its levels.

You collected 122 gold pieces.

Inventory:

Hand weapons
 a - a +0 war axe (weapon)
Armour
 b - a +0 shield (worn)
Jewellery
 g - an amulet of warding (around mantle)
Magical devices
 c - a wand of digging (0)
Scrolls
 f - a scroll of immolation
 h - a scroll of enchant armour
Potions
 l - 2 potions of cancellation
Books
 m - a book of the Sky

   Spells                             Type                      Level
   a - Summon Lightning Spire         Summoning/Air                4
   b - Airstrike                      Air                          4
   c - Silence                        Hexes/Air                    5
   d - Deflect Missiles               Charms/Air                   6
   e - Conjure Ball Lightning         Conjuration/Air              6
   f - Tornado                        Air                          9
Comestibles
 d - 2 bread rations
 n - 2 beef jerkies


   Skills:
 * Level 4.3 Fighting
 * Level 3.0 Axes
 * Level 4.2 Dodging
 * Level 4.6 Shields
 + Level 0.0 Air Magic


You had one spell level left.
You knew the following spells:

 Your Spells              Type           Power        Failure   Level  Hunger
a - Airstrike             Air            #.........   100%        4    #####..


Dungeon Overview and Level Annotations

Branches:
Dungeon (5/15)
 Temple: D:4-7

Altars:
Dithmenos
Vehumet
Yredelemnul

Annotations:
D:3 HEYYEYAAE's ghost, average OpFi
D:4 Pikel
D:5 HEYYEYAAE's ghost, average OpFi


Innate Abilities, Weirdness & Mutations

You cannot wear most types of armour.
You are amphibious.
You can wear up to eight rings at the same time.
You can use your tentacles to constrict eight enemies at once.
Your skin changes colour to match your surroundings (Stealth).
Your rubbery body absorbs attacks (AC +1).


Message History

You block the orc's attack.
The worker ant zombie waves its antennae.
Evoke which item? (* to show all) (? for menu, Esc to quit)
Zapping:
c - a wand of digging {zapped: 9} (will waste charges)
Press: ? - help, Shift-Dir - straight line Nothing appears to happen.
The orc misses you.
Read which item? (? for menu, Esc to quit)
As you read the scroll labeled OMIF HANIZ, it crumbles to dust.
You feel aware of your surroundings.
You sensed 1 altar.
It was a scroll of magic mapping.
The orc misses you.
Unknown command.
The worker ant zombie bites you.
* * * LOW HITPOINT WARNING * * *
Unknown command.
Drink which item? (? for menu, Esc to quit)
Okay, then.
The worker ant zombie barely misses you.
HEYYEYAAE's ghost ducks and says, "Too high!"
HEYYEYAAE's ghost hits you!
You die...

*,,,*,>.#Y..* ####.....Z.ยง#
*,,,
*,,*,*,#.#..#*##.##.########
*,,, *,,,*,*,#....##...#.#
*,,, **,,,*,*.o.o........#
**** *,,,,,,,,,.#.......#
*******,,,,#o......#
*****#..oZ...# ##oZW..##
##.@.## ##.## ###


You could see an orc priest, an orc wizard, HEYYEYAAE's ghost, an orc, a worker
ant zombie and a ball python skeleton.

Vanquished Creatures
  A crimson imp (D:5)
  2 orc wizards (D:3)
  2 orc priests (D:3)
  Robin (D:2)
  4 adders
  2 worms (D:3)
  An adder skeleton (D:4)
  6 orcs (D:3)
  6 bats
  16 goblins
  6 hobgoblins
  6 jackals
  2 giant cockroaches
  A giant gecko (D:3)
  7 giant newts
  5 kobolds
  3 rats
71 creatures vanquished.

Notes
Turn   | Place    | Note
--------------------------------------------------------------
     0 | D:1      | HEYYEYAAE the Octopode Fighter began the quest for the Orb.
     0 | D:1      | Reached XP level 1. HP: 16/16 MP: 1/1
   114 | D:1      | Reached XP level 2. HP: 17/21 MP: 2/2
   537 | D:2      | Reached XP level 3. HP: 26/26 MP: 3/3
   552 | D:2      | Found a radiant altar of Vehumet.
   695 | D:2      | Reached XP level 4. HP: 11/33 MP: 4/4
   696 | D:2      | Noticed Robin
   703 | D:2      | Killed Robin
  1038 | D:3      | Found a basalt altar of Yredelemnul.
  1078 | D:3      | Reached skill level 4 in Shields
  1156 | D:3      | Reached XP level 5. HP: 25/37 MP: 5/5
  1184 | D:3      | Noticed HEYYEYAAE's ghost (average OpFi)
  1398 | D:3      | Reached XP level 6. HP: 27/43 MP: 6/6
  1448 | D:4      | Noticed Pikel
  1589 | D:3      | Learned a level 4 spell: Airstrike
  1687 | D:4      | Found a shadowy altar of Dithmenos.
  1765 | D:5      | Entered Level 5 of the Dungeon
  1799 | D:5      | Noticed HEYYEYAAE's ghost (average OpFi)
  1824 | D:5      | Slain by HEYYEYAAE's ghost

Vault maps used:
D:1:      kilobyte_arrival_exit_the_forest, minivault_19
D:2:      vehumet_crystals, uniq_robin
D:3:      lemuel_doored_altar
D:4:      kennysheep_mini_moat, nicolae_dithmenos_the_darkroom, first_bread,
          uniq_grinder, uniq_pikel
D:5:      old_standard_altar, minmay_temple_entry_grid, uniq_edmund

Action                   |  1- 3 |  4- 6 || total
-------------------------+-------+-------++-------
Melee: War axe           |    55 |    64 ||   119
Evoke: Wand              |       |     3 ||     3
  Use: Potion            |     1 |     2 ||     3
       Scroll            |       |     7 ||     7
 Stab: Sleeping          |     2 |       ||     2
  Eat: Chunk             |       |     1 ||     1
       Bread ration      |       |     1 ||     1
